 Dungeon Crawl Stone Soup version 0.29-a0-25-g7f48f510a0 (webtiles) character file.

Game seed: 10434580314630616954

15 SkeletonJelly the Skirmisher (level 2, -2/24 HPs)
             Began as a Demonspawn Monk on Feb 1, 2022.
             Slain by a kobold (5 damage)
             ... on level 1 of the Dungeon.
             The game lasted 00:00:56 (682 turns).

SkeletonJelly the Skirmisher (Demonspawn Monk)       Turns: 682, Time: 00:00:56

Health: -2/24      AC:  2    Str: 11    XL:     2   Next: 34%
Magic:  2/2        EV: 12    Int: 13    God:
Gold:   42         SH:  0    Dex: 15    Spells: 1/1 levels left

rFire   . . .      SeeInvis .   a - +0 falchion
rCold   . . .      Faith    .   (no shield)
rNeg    . . .      Spirit   .   b - +0 robe
rPois   .          Reflect  .   (no helmet)
rElec   .          Harm     .   (no cloak)
rCorr   .          Rampage  .   (no gloves)
Will    .....                   (no boots)
Stlth   ++........              (no amulet)
HPRegen 0.08/turn               (no ring)
MPRegen 0.08/turn               (no ring)

@: no status effects
A: big brain 1
a: no special abilities


You were on level 1 of the Dungeon.
You visited 1 branch of the dungeon, and saw 1 of its levels.

You collected 42 gold pieces.

Inventory:

Hand Weapons
 a - a +0 falchion (weapon)
Armour
 b - a +0 robe (worn)
Potions
 c - a potion of flight {unknown}


   Skills:
 + Level 3.2 Fighting
 * Level 3.2 Long Blades
 - Level 2.6 Dodging
 - Level 1.7 Stealth


You had one spell level left.
You didn't know any spells.
Your spell library was empty.

Dungeon Overview and Level Annotations

Branches:
Dungeon (1/15)

Altars:

Shops:
D:1 ([(


Innate Abilities, Weirdness & Mutations

You have an unusually large brain. (Int +2)


Message History

Health restored: 24
Found Lobid's Antique Weapon Boutique.
Found a stone staircase leading down.
There is an entrance to Lobid's Antique Weapon Boutique here.
You can access your shopping list by pressing '$'.
Found 14 stones.
You open the door.
There is an open door here.
You open the door.
There is an open door here.
You open the door.
There is an open door here.
A hobgoblin comes into view.
A hobgoblin is nearby!
A hobgoblin is nearby!
A hobgoblin is nearby!
The hobgoblin hits you but does no damage.
You hit the hobgoblin but do no damage. The hobgoblin hits you.
You take 3 damage, and have 21/24 hp.
You hit the hobgoblin but do no damage. The hobgoblin hits you.
You take 2 damage, and have 19/24 hp.
You hit the hobgoblin but do no damage.
The hobgoblin hits you but does no damage.
The hobgoblin closely misses you.
You barely miss the hobgoblin. The hobgoblin hits you.
You take 2 damage, and have 17/24 hp.
You barely miss the hobgoblin. The hobgoblin closely misses you.
You hit the hobgoblin. Your punch misses the hobgoblin.
The hobgoblin is severely wounded.
The hobgoblin hits you.
You take 2 damage, and have 16/24 hp.
You hit the hobgoblin.
You kill the hobgoblin!
No target in view!
No target in view!
No target in view!
No target in view!
A kobold comes into view. It is wielding a +0 short sword.
Health restored: 24 A kobold is nearby!
A kobold is nearby!
A kobold is nearby!
A kobold is nearby!
A kobold is nearby!
The kobold shouts!
A bat comes into view.
A ball python comes into view.
The kobold throws a stone.
The stone closely misses you.
A rat comes into view.
The kobold throws a stone.
The stone closely misses you.
Found Zits's Weapon Boutique.
The kobold throws a stone.
The stone closely misses you. The kobold closely misses you.
The ball python hisses angrily.
You hit the kobold but do no damage. The kobold barely misses you.
You hit the kobold. You punch the kobold, but do no damage.
The kobold is severely wounded.
The rat barely misses you. The kobold misses you.
You closely miss the kobold.
The kobold is severely wounded.
The bat barely misses you. The rat bites you but does no damage.
The kobold hits you with a +0 short sword.
The ball python misses you. The ball python closely misses you.
The rat closely misses you.
You take 2 damage, and have 22/24 hp.
You closely miss the kobold.
The kobold is severely wounded.
The kobold hits you with a +0 short sword.
The bat barely misses you. The ball python bites you.
The ball python closely misses you. The rat closely misses you.
The kobold barely misses you.
You take 6 damage, and have 16/24 hp.
MASSIVE DAMAGE!!
You barely miss the kobold.
The kobold is severely wounded.
The bat closely misses you. The bat barely misses you.
The ball python barely misses you. x2; The rat bites you.
The ball python closely misses you. The ball python grabs you.
The ball python constricts you.
The kobold hits you with a +0 short sword.
You take 3 damage, and have 13/24 hp.
You closely miss the ball python. The bat closely misses you.
The ball python bites you. The ball python constricts you.
The rat barely misses you.
The kobold hits you with a +0 short sword.
* * * LOW HITPOINT WARNING * * *
You take 6 damage, and have 7/24 hp.
MASSIVE DAMAGE!!
You are too injured to fight recklessly!
You are too injured to fight recklessly!
You are too injured to fight recklessly!
You escape the ball python's grasp.
The bat closely misses you. The rat barely misses you.
The bat closely misses you. The bat barely misses you.
The bat hits you but does no damage.
You miss the bat. The bat barely misses you. The ball python bites you.
* * * LOW HITPOINT WARNING * * *
The ball python closely misses you. The rat closely misses you.
The ball python bites you.
* * * LOW HITPOINT WARNING * * *
The ball python misses you.
The kobold hits you with a +0 short sword.
You die...

......#'##### ######+##
...#........####........
...#........'..'........
...#........####........
...########## #........
...# #######b.......
...# ...............
...## .........######
....# .......@.# ....#
......KSr# ....#
.........###### ....#
...........∩... #######
######......... ......#
#......... ......#####
#......... ..........#
#......... ..........#
#.........


You could see a bat, a ball python, a kobold and a rat.

Vanquished Creatures
  A dart slug (D:1)
  A ball python (D:1)
  3 endoplasms (D:1)
  A hobgoblin (D:1)
  4 jackals (D:1)
10 creatures vanquished.

Notes
Turn   | Place    | Note
-------+----------+-------------------------------------------
     0 | D:1      | SkeletonJelly the Demonspawn Monk began the quest for the
                  | Orb.
     0 | D:1      | Reached XP level 1. HP: 18/18 MP: 1/1
   235 | D:1      | Gained mutation: You have an unusually large brain. (Int
                  | +2) [demonic ancestry]
   235 | D:1      | Reached XP level 2. HP: 24/24 MP: 2/2
   437 | D:1      | Found Roopli's Armour Boutique.
   518 | D:1      | Found Lobid's Antique Weapon Boutique.
   671 | D:1      | Found Zits's Weapon Boutique.
   682 | D:1      | Slain by a kobold

Illustrated notes

Levels and vault maps discovered:
D:1:      minmay_arrival_cross, layout_basic, serial_shops, nicolae_shop_trees,
          nicolae_diamond_shop, shop, nicolae_shop_trees, serial_park_tiny_2

Skill      XL: |  1 |
---------------+----+-----
Long Blades    | 3 |  3.2
Fighting       | |  3.2
Dodging        | |  2.6
Stealth        | |  1.7

Action                   || total
-------------------------++-------
Melee: Falchion          ||    44
       Punch             ||     1
Armor: Robe              ||    11
Dodge: Dodged            ||    53

Table legend: (Time is in decaauts)
 A = Elapsed time spent in this place.
 B = Non-inter-level travel time spent in this place.
 C = Inter-level travel time spent in this place.
 D = Time resting spent in this place.
 E = Time spent auto-exploring this place.
 F = Levels seen in this place.
 G = Mean time per level.
                   A        B        C        D        E       F      G
               +--------+--------+--------+--------+--------+-----+--------+
         Total |    688 |    688 |      0 |      0 |    597 |   1 |  688.0 |
       Dungeon |    688 |    688 |      0 |      0 |    597 |   1 |  688.0 |
               +--------+--------+--------+--------+--------+-----+--------+

Top non-repeatable levels by time:
     D:1: 688 daAuts
